[Event "4th Tata Steel India Blitz Open 2022"]
[Site "Kolkota"]
[Date "2022.12.04"]
[Round "10.5"]
[White "Mamedyarov, Shakhriyar"]
[Black "Gukesh D"]
[Result "1-0"]
[ECO "D37"]
[WhiteElo "2741"]
[BlackElo "2725"]
[Annotator "TA"]
[PlyCount "77"]
[EventDate "2022.11.29"]
[EventType "tourn"]
[EventCountry "IND"]
[SourceTitle "playchess.com"]
[Source "ChessBase"]
[SourceQuality "1"]
[TimeControl "180+2"]

1. d4 Nf6 2. c4 e6 3. Nf3 d5 4. Nc3 Be7 5. Bf4 O-O 6. a3 {[%emt 0:00:02] D37: Queen's Gambit Declined: 5 Bf4.} Nbd7 7. Nb5 Ne8 8. e3 {[%emt 0:00:02] The position is equal.} c6 9. Nc3 Bd6 10. Bg3 {[%emt 0:00:07] [#]} Qe7 $146 ({Predecessor:} 10... b6 11. Qc2 Ba6 12. b3 Bxg3 13. hxg3 Nef6 14. g4 g6 15. g5 Ne8 16. e4 dxc4 17. Bxc4 Bxc4 18. bxc4 {1-0 (40) Esipenko,A (2701)-Gukesh,D (2563) Tornelo INT 2021}) 11. Qc2 h6 12. O-O-O b5 13. cxb5 c5 (13... cxb5 $11 14. Bxb5 Rb8) 14. e4 {[%emt 0:00:03] White has more active pieces. The black rooks are badly placed. White leaves nothing to chance now.} dxe4 15. Nxe4 Bxg3 16. hxg3 cxd4 ({Black should try} 16... Bb7) 17. Nxd4 $16 ({Of course not} 17. Rxd4 $6 Bb7 $11) 17... Bb7 18. Nc6 {[%emt 0:00:04] Inhibits Ne5.} Bxc6 19. bxc6 Nb6 (19... Ndf6 $16 20. Rh4 Qc7 21. Nxf6+ Nxf6) 20. Kb1 $18 Nd5 21. Qc5 $36 {[%emt 0:00:10][%mdl 2048] White is really pushing.} Qc7 22. Bc4 Nef6 23. Nxf6+ Nxf6 24. Be2 Rab8 25. Bf3 {[%emt 0:00:01] Inhibits Ne4.} Rb3 (25... e5 $16 {was necessary.} 26. Rh4 Rfe8) 26. Rd2 Rfb8 27. Rhd1 Kh7 (27... R3b6 {is a better defense.} 28. Rc2 a6) 28. Ka2 {[%emt 0:00:03] Threatens to win with Qc2+.} R8b5 $2 (28... R3b5 29. Qc4 Nd5) 29. Qc2+ g6 30. Qxb3 Rxb3 31. Kxb3 e5 $2 {[%emt 0:00:07] [#]} (31... h5 32. Rc2 e5) 32. Rd7 $1 {[%emt 0:00:13] White is clearly winning.} Qb6+ 33. Ka2 Nxd7 34. cxd7 {[%emt 0:00:01] KQ-KRB} ({Not} 34. Rxd7 Qb5 $18) 34... Qd8 35. Bc6 f5 36. Ba4 {[%emt 0:00:04] [#] Rc1 is the strong threat.} e4 37. Rc1 {[%emt 0:00:00] White wants to mate with Rc8.} Qg8+ 38. Ka1 Qd5 39. Rc8 {[%emt 0:00:01] Weighted Error Value: White=0.09 (flawless) /Black=0.38} (39. Rd1 $142 Qa5 40. d8=Q (40. d8=B $2 {perishes.} Qxa4 41. Rd2 Qc4 $19) 40... Qxd8 41. Rxd8) 1-0

[Event "4th Tata Steel India Blitz Open 2022"]
[Site "Kolkota"]
[Date "2022.12.04"]
[Round "11.1"]
[White "Abdusattorov, Nodirbek"]
[Black "Nihal Sarin"]
[Result "1-0"]
[ECO "B08"]
[WhiteElo "2713"]
[BlackElo "2670"]
[Annotator "TA"]
[PlyCount "143"]
[EventDate "2022.11.29"]
[EventType "tourn"]
[EventCountry "IND"]
[SourceTitle "playchess.com"]
[Source "ChessBase"]
[SourceQuality "1"]
[TimeControl "180+2"]

1. e4 g6 2. d4 Bg7 3. Nc3 d6 4. Nf3 Nc6 5. Be2 a6 6. O-O Nf6 7. h3 O-O 8. a4 e5 9. dxe5 Nxe5 10. Nxe5 {[%emt 0:00:05] B08: Pirc Defence: Classical System.} dxe5 11. Be3 Qe7 12. Nd5 {[%emt 0:00:11] The position is equal.} Nxd5 13. Qxd5 Rd8 14. Qb3 b6 15. Rfd1 Bb7 16. f3 {[%emt 0:00:16] [#]} a5 $146 ({Predecessor:} 16... h5 17. Bc4 Bf6 18. c3 Kg7 19. Rxd8 Rxd8 20. Rd1 Rd7 21. Qc2 h4 22. Qe2 a5 {½-½ (57) Kim,A (2464)-Sanal,V (2549) Moscow 2019}) 17. Bc4 Bf6 18. c3 Kg7 19. Rxd8 Rxd8 20. Rd1 Rxd1+ 21. Qxd1 Bc6 22. Bb5 Bxb5 23. axb5 $11 {[%emt 0:00:01][%mdl 4096] Endgame KQB-KQB} Bg5 24. Bf2 Qe6 25. b3 h5 26. h4 Be7 27. c4 a4 28. bxa4 {[%emt 0:00:06] Strongly threatening Qd5.} Qxc4 29. Kh2 Qa2 30. Bg3 Bd6 31. Be1 Bc5 32. Bc3 Qe6 33. f4 Bd6 34. Qf3 f6 35. f5 (35. fxe5 {simplifies} Bxe5+ 36. Bxe5 Qxe5+ 37. g3) 35... gxf5 36. Qxf5 Qc4 (36... Qxf5 37. exf5 Kf8 38. g4 $18) 37. Be1 Qe2 38. Qd7+ Kh6 39. Qf5 Kg7 40. Bg3 Bc5 41. Qd7+ Kg6 42. Qe8+ Kg7 43. Qd7+ Kg6 44. Qf5+ Kg7 45. Kh3 Qd1 46. Bh2 Qd3+ 47. Qf3 Qd7+ 48. g4 Qe6 49. Bg3 Kf7 50. Qf5 {[%emt 0:00:02] Black must now prevent Qxe6+.} hxg4+ $1 51. Kxg4 {[%emt 0:00:01] Qxe6+ is the strong threat.} Qc4 52. h5 (52. Bxe5 $5 Qe2+ $8 53. Kh3 Qe3+ 54. Bg3 $11) 52... Qxa4 $2 {[%emt 0:00:01][%mdl 8192] Black is now going downhill.} (52... Qe2+ $11 53. Qf3 Qd2) 53. Qg6+ $1 $18 (53. Bxe5 Qd1+ 54. Kg3 Qe1+ 55. Kg4 Qd1+ 56. Kh3 Qh1+ 57. Bh2 Bd6 58. Qh7+ Ke8 59. Qg6+ Ke7 60. Qh7+ Ke6 61. Qg8+ Ke7 62. Qg7+ Ke8 63. Qg8+ Ke7 $11) 53... Ke6 54. Qe8+ Be7 55. Qg8+ Kd7 56. Qd5+ Ke8 57. h6 {[%emt 0:00:00] h7 would kill now.} f5+ 58. Kxf5 Qa3 {[%emt 0:00:02] [#]} 59. Qg8+ (59. Qxe5 Qf3+ 60. Qf4 (60. Bf4 $2 Qh5+ $19) 60... Qh5+ 61. Ke6 Bd6 $11) (59. Ke6 $142 $1 Qd6+ 60. Qxd6 cxd6 61. h7 Bf6 62. Kxf6 Kd7 63. h8=Q Kc7 64. Qa8 Kd7 65. Qc6+ Kd8 66. Ke6 d5 67. Bh4#) 59... Kd7 60. Qe6+ (60. Bxe5 Qh3+ 61. Qg4 (61. Kf4 Qf1+ 62. Kg4 Qe2+ 63. Kf5 Qh5+ 64. Kf4 Qxh6+ 65. Kf5 Qh5+ 66. Kf4 Qh6+ 67. Kf5 Qh5+ 68. Kf4 Qh6+ $11) 61... Qxh6 $11) 60... Ke8 61. Qg6+ (61. Bxe5 $2 {is the wrong capture.} Qh3+ 62. Kf4 Qxe6 $19) (61. Qxe5 Qf3+ 62. Qf4 (62. Bf4 $2 Qh5+ $19) 62... Qh5+ 63. Ke6 Bd6 $11) 61... Kd7 62. Bxe5 $2 (62. Qc6+ {mates} Kd8 63. Bxe5 Qf3+ 64. Kg6 Qg2+ 65. Kh7 Bc5 66. Qe6 Be7 {[#]} 67. Bxc7+ $1 Ke8 68. Bd6 (68. Qxb6 {is a self mate.} Kf7)) 62... Qf3+ $2 (62... Qh3+ $11 63. Kf4 Qh2+ 64. Kf5 Qh3+ 65. Qg4 (65. Kf4 Qh2+ 66. Kf5 Qh3+ $11) 65... Qxh6) 63. Bf4 {[%emt 0:00:02] White mates.} Bd6 64. Qg4 Qh1 65. Kg6+ Kd8 66. e5 Qe4+ 67. Qf5 Qg2+ 68. Bg5+ Be7 69. Qf8+ Kd7 70. Qxe7+ Kc8 71. Qe8+ Kb7 72. Qc6+ {[%emt 0:00:01] Weighted Error Value: White=0.02 (flawless) /Black=0.17 (very precise)} 1-0

[Event "4th Tata Steel India Blitz Open 2022"]
[Site "Kolkota"]
[Date "2022.12.04"]
[Round "11.2"]
[White "So, Wesley"]
[Black "Nakamura, Hikaru"]
[Result "0-1"]
[ECO "C54"]
[WhiteElo "2760"]
[BlackElo "2768"]
[Annotator "TA"]
[PlyCount "70"]
[EventDate "2022.11.29"]
[EventType "tourn"]
[EventCountry "IND"]
[SourceTitle "playchess.com"]
[Source "ChessBase"]
[SourceQuality "1"]
[TimeControl "180+2"]

1. e4 e5 2. Nf3 Nc6 3. Bc4 Nf6 4. d3 Bc5 5. O-O d6 6. c3 a6 7. Re1 O-O 8. Bb3 Ba7 9. h3 h6 10. Nbd2 Re8 11. Nf1 Be6 12. Bc2 {[%emt 0:00:01] C54: Giuoco Piano: 4 c3 Nf6, main lines with 5 d4 and 5 d3.} (12. Bxe6 {simplifies} Rxe6 13. Be3 Bxe3 14. Nxe3 d5 15. Qc2) 12... d5 13. exd5 Bxd5 {[%emt 0:00:01] 13...Bxd5 scores better than 13...Nxd5.} (13... Qxd5 {is more complex.} 14. Ng3 a5 15. a3 b5) (13... Nxd5 14. Ng3 Qd6 15. Nh4 Rad8 16. Nhf5 Bxf5 17. Nxf5 Qf6 18. Qg4 h5 19. Qg5 Qxg5 20. Bxg5 f6 21. Bd2 g6 22. Ng3 Kg7 23. a4 {1-0 (60) So,W (2773)-Nakamura,H (2768) Chess.com INT 2022}) 14. Ng3 {[%emt 0:00:09] The position is equal.} Qd6 15. Be3 (15. Bd2 {feels hotter.} a5 16. Nf5 Qd8 17. N3h4) 15... Bxe3 16. Rxe3 g6 {[%emt 0:00:06] [#]} 17. Qd2 $146 ({Predecessor:} 17. a4 a5 18. Qe2 Rad8 19. Rc1 Bxf3 20. Qxf3 Kg7 21. Bb3 Qd7 22. Bc4 Re7 23. Bb5 {1-0 (54) Nestorovic,N (2504)-Abramovic,B (2401) Zrenjanin 2018}) 17... Bxf3 18. Rxf3 e4 ({Black should play} 18... Kg7 $11) 19. Re3 $14 exd3 20. Rxd3 {[%emt 0:00:01][%mdl 64] [#] Discovered Attack} Qf8 21. Qf4 Kg7 22. Qxc7 (22. Rf3 Nd5 23. Nf5+ Kh7 $11) 22... Ne5 23. Rd4 b5 24. Bb3 (24. Ne4 {simplifies} Rac8 25. Qd6 Nxe4 26. Qxf8+ Rxf8 27. Bxe4 Rfd8 28. Rad1) 24... a5 25. Ne4 {[%emt 0:00:26] Strongly threatening Nxf6.} Rac8 $1 26. Qb6 (26. Qxa5 Nc6 27. Qb6 Nxe4 $17) 26... Ned7 {[%emt 0:00:14] [#]} (26... Nxe4 $14 27. Rxe4 Nd7 28. Rxe8 (28. Qxa5 $2 {perishes.} Rxe4 29. Qxb5 Qe7 $19) (28. Qd4+ Nf6 $14) 28... Nxb6 29. Rxf8 Kxf8) 27. Rxd7 $1 Nxd7 28. Qd4+ Ne5 $1 29. Nd6 (29. f4 {looks sharper.} Rcd8 30. Bd5 f6 31. fxe5 Rxe5 32. c4) 29... Rcd8 (29... Red8 $1 $14 30. Rd1 (30. Qxe5+ f6 $14) 30... Qxd6 31. Qxd6 Rxd6 32. Rxd6 a4) 30. Nxe8+ $16 Qxe8 31. Bd5 g5 32. Rd1 Qe7 33. f4 (33. g3 $16) 33... gxf4 $11 {[%emt 0:00:01][%mdl 64] Deflection} 34. Qxf4 $2 (34. b3 $11) 34... Qc5+ $19 35. Qd4 Rxd5 {[%emt 0:00:01][%mdl 64] Pin.   Weighted Error Value: White=0.39/Black=0.18 (very precise)} 0-1

[Event "4th Tata Steel India Blitz Open 2022"]
[Site "Kolkota"]
[Date "2022.12.04"]
[Round "11.3"]
[White "Vidit, Santosh Gujrathi"]
[Black "Erigaisi Arjun"]
[Result "0-1"]
[ECO "D35"]
[WhiteElo "2724"]
[BlackElo "2718"]
[Annotator "TA"]
[PlyCount "152"]
[EventDate "2022.11.29"]
[EventType "tourn"]
[EventCountry "IND"]
[SourceTitle "playchess.com"]
[Source "ChessBase"]
[SourceQuality "1"]
[TimeControl "180+2"]

1. d4 d5 2. c4 e6 3. Nf3 Nf6 4. e3 b6 5. Nc3 Bd6 6. cxd5 exd5 7. Bb5+ {[%emt 0:00:01] is more profitable than 7.Bd3 at the moment. D35: Queen's Gambit Declined: Exchange Variation.} c6 8. Bd3 O-O 9. O-O {[%emt 0:00:02] The position is equal.} Re8 {[%emt 0:00:02] Inhibits e4.} 10. Qc2 Bg4 {[%emt 0:00:09] [#]} 11. Be2 $146 ({Predecessor:} 11. Bd2 Nbd7 12. Ne2 c5 13. Bf5 Bxf3 14. gxf3 Nf8 15. f4 Ng6 16. Ng3 cxd4 17. Kh1 dxe3 18. fxe3 {1-0 (63) Vidit,S (2710)-Wang,H (2722) Shusha 2022}) 11... c5 12. h3 Bh5 13. Rd1 (13. Bb5 $5) 13... Nc6 14. Qa4 {[%emt 0:00:24] Strongly threatening dxc5.} Rc8 15. Bd2 Bb8 16. Kf1 c4 17. b3 Na5 18. Rac1 Bg6 19. Be1 (19. Nh4 $1 $14) 19... a6 20. Ne5 Bf5 21. b4 Nb7 22. Qxa6 Nd6 23. b5 Bc7 {[%emt 0:00:04][%mdl 1024] Threatens to win with ...Ra8. Black has compensation.} 24. Qa3 Ra8 {[%emt 0:00:05] Against f3} 25. Qb2 Qc8 (25... Nde4 $11 {keeps the balance.}) 26. Kg1 Be6 27. Bf1 ({White should try} 27. f3 $16) 27... h5 (27... Nfe4 $14) 28. a4 (28. f3 $16) 28... Nf5 (28... Nfe4 $11 {remains equal.}) 29. Ra1 $16 Bd6 30. Rdc1 Qc7 31. Nf3 Ne7 32. Ng5 Bf5 33. Qe2 $2 (33. h4 $14 {stays ahead.}) 33... Bg6 $2 (33... Bd3 $17 34. Qf3 Bh2+ 35. Kh1 Bxf1) 34. g3 $14 h4 {[%emt 0:00:05][%cal Rh4g3] [#]} 35. g4 Bh2+ {[%emt 0:00:15] [#]} 36. Kh1 $2 (36. Kg2 $1 $16 {is necessary to keep the advantage.}) 36... Bd3 $36 {[%emt 0:00:01][%mdl 2112] Skewer, Deflection. Keeping White busy. White is on the road to losing.} 37. Qf3 (37. Qd1 Bxf1 38. f4) 37... Bxf1 38. a5 Bd6 (38... bxa5 $2 39. b6 Qb8 40. Bd2 $19) 39. a6 Qd7 40. Na4 (40. Rc2 $142) 40... Bc7 41. Bb4 Bd3 (41... Qxb5 42. Bxe7 Rxe7 43. Rxf1 $17) 42. Bxe7 Qxe7 43. Nc3 Qd6 44. Qg2 {[%emt 0:00:01] Inhibits Qh2+.} Bg6 45. Re1 Qd7 46. Nf3 $2 (46. Rec1) 46... Ne4 47. Ne2 Qe7 48. Rab1 Nd6 49. Rb2 Bd3 50. Nc3 Be4 51. Nxe4 Nxe4 52. Rc1 Qa3 53. Rbc2 Qe7 $2 ({Better is} 53... Qb3 $19 54. Nd2 Nxd2 55. Qxd5 Qd3) 54. g5 $2 (54. Rb2 $1 $11 {and White stays safe.} g6 55. Kg1) 54... Qd7 55. Kg1 $2 (55. Rb1) 55... g6 56. Rb1 Nd6 57. Ne5 Qf5 58. Rcc1 Ne4 59. f4 Bxe5 60. dxe5 Qc8 61. Rd1 Nc3 {[%emt 0:00:01][%csl LRb1,LRd1] ...Qc5 is the strong threat.} 62. Rbc1 Nxd1 63. Rxd1 c3 64. Qxd5 Qc7 (64... Rd8 $142 65. Qf3 Rxd1+ 66. Qxd1 Qxh3 67. Qa1 Qg3+ 68. Kh1 c2 69. e6 h3 70. exf7+ Kh7 71. Qf1 c1=Q 72. f8=N+ Rxf8 73. Qxc1 Qg2#) 65. Rc1 Red8 66. Qe4 Qd7 67. Rc2 Qd1+ {[%emt 0:00:02] Black mates.} 68. Kf2 Qxc2+ 69. Qxc2 Rd2+ 70. Qxd2 cxd2 {[%emt 0:00:01] KR-KP} 71. Ke2 Rd8 72. Kd1 Kf8 73. e4 Rd4 74. a7 Ra4 ({Much less strong is} 74... Rxe4 75. a8=Q+ (75. a8=B $2 Rxf4 76. Kxd2 Rf5 $19) 75... Ke7 76. Qxe4 Ke8 77. Qd3 Ke7 78. Qd6+ Ke8 79. Kxd2 f5 80. gxf6 Kf7 81. Qe7+ Kg8 82. Qg7#) 75. Kxd2 Rxa7 ({Resist} 75... Rxe4 76. a8=Q+ (76. a8=B $2 {too greedy.} Rxf4 77. Ke3 Rf5 $19) 76... Kg7 77. Qxe4 Kf8 78. Qa8+ Ke7 79. Qc8 f5 80. gxf6+ Kf7 81. Qd7+ Kf8 82. Qg7+ Ke8 83. Qe7#) 76. Kd3 Ra3+ {[%emt 0:00:01] Weighted Error Value: White=0.58/Black=0.48} 0-1

[Event "4th Tata Steel India Blitz Open 2022"]
[Site "Kolkota"]
[Date "2022.12.04"]
[Round "11.4"]
[White "Gukesh D"]
[Black "Maghsoodloo, Parham"]
[Result "1-0"]
[ECO "A37"]
[WhiteElo "2725"]
[BlackElo "2720"]
[Annotator "TA"]
[PlyCount "79"]
[EventDate "2022.11.29"]
[EventType "tourn"]
[EventCountry "IND"]
[SourceTitle "playchess.com"]
[Source "ChessBase"]
[SourceQuality "1"]
[TimeControl "180+2"]

1. Nf3 c5 2. g3 Nc6 3. Bg2 g6 4. O-O Bg7 5. c4 a6 6. Nc3 Rb8 7. e3 b5 8. cxb5 {[%emt 0:00:02] A37: Symmetrical English vs ...g6: 4 Bg2 Bg7 5 Nf3.} axb5 9. d4 b4 10. Ne4 {[%emt 0:00:03] [#] White is slightly better.} c4 $146 ({Predecessor:} 10... cxd4 11. exd4 Nf6 12. Nxf6+ Bxf6 13. Bh6 d5 14. Re1 Qb6 15. Rc1 e6 16. Ne5 Nxe5 17. dxe5 {1-0 (38) Arabidze,M (2441)-Ekdyshman,M (2315) Chess.com INT 2021}) 11. d5 Na5 12. Rb1 (12. Qa4 $142) 12... Nh6 (12... Qb6 $142 $1) 13. Bd2 $11 O-O 14. Qa4 $36 {[%emt 0:00:29][%mdl 2048] White has some pressure. White is more active.} Qb6 15. a3 Nb3 16. Bxb4 (16. Qxb4 $6 f5 17. Qxb6 Rxb6 $11) 16... d6 {[%emt 0:00:23] [#]} ({Better is} 16... Ba6 17. Bxe7 Rfe8) 17. Ned2 $1 $16 Nc5 18. Qc2 Nd3 (18... Qb5 $16) 19. Bc3 $18 ({Weaker is} 19. Nxc4 Nxb4 20. axb4 Qxb4 $16) (19. Qxc4 Ba6 20. Qe4 Nxb4 21. axb4 Bxf1 22. Bxf1 Qxb4 23. Qxe7 Nf5 $15) 19... Ba6 20. Bxg7 Kxg7 21. Nxc4 (21. Nd4 $18) 21... Qb3 $16 {[%emt 0:00:00] Prevents b4.} 22. Qxb3 Rxb3 23. Na5 Rb6 {[%emt 0:00:00] [#] This costs Black the game.} (23... Rxb2 $16 {was called for.} 24. Rxb2 Nxb2) 24. b4 $18 Rc8 25. Nc6 e5 26. Rfd1 Ng4 27. Rd2 {[%emt 0:00:02] Hoping for a4.} Nf6 28. Ne1 e4 29. Nxd3 Bxd3 30. Rbd1 Bc4 (30... Ra6 $142 31. Ra1 Rca8) 31. Rd4 Bb3 32. Rb1 Bxd5 (32... Bc2) 33. Ne7 $1 {[%emt 0:00:01][%csl LRc8,LRd5] White is clearly winning.} Rc5 34. Rbd1 Bb3 35. bxc5 dxc5 36. Rd6 Rb7 37. Rb1 c4 38. Nd5 Nxd5 39. Rxd5 c3 40. Rc5 {[%emt 0:00:01] Weighted Error Value: White=0.21 (precise) /Black=0.47} ({Worse is} 40. Bxe4 Bxd5 41. Rxb7 Bxb7 $11) 1-0

[Event "4th Tata Steel India Blitz Open 2022"]
[Site "Kolkota"]
[Date "2022.12.04"]
[Round "11.5"]
[White "Rameshbabu, Praggnanandhaa"]
[Black "Mamedyarov, Shakhriyar"]
[Result "1/2-1/2"]
[ECO "A26"]
[WhiteElo "2678"]
[BlackElo "2741"]
[Annotator "TA"]
[PlyCount "117"]
[EventDate "2022.11.29"]
[EventType "tourn"]
[EventCountry "IND"]
[SourceTitle "playchess.com"]
[Source "ChessBase"]
[SourceQuality "1"]
[TimeControl "180+2"]

1. Nf3 Nf6 2. g3 g6 3. Bg2 Bg7 4. O-O O-O 5. c4 d6 6. Nc3 e5 7. d3 Nc6 8. Rb1 a5 9. a3 Re8 10. Bg5 h6 11. Bxf6 Bxf6 12. Nd2 Bg7 13. Nd5 {[%emt 0:00:03] A26: English Opening vs King's Indian with ...Nc6 and d3.} Ne7 14. b4 axb4 (14... Nxd5 {simplifies} 15. cxd5 axb4 16. axb4 Bd7) 15. axb4 c6 16. Nxe7+ Rxe7 17. b5 d5 {[%emt 0:00:02] [#]} 18. Qc2 $146 ({Predecessor:} 18. Qb3 Be6 19. Rfc1 Kh7 20. Rc2 f5 21. bxc6 bxc6 22. Qb6 Qe8 23. cxd5 cxd5 24. Qc6 {1-0 (74) Varga,P (2402)-Kukula,P (2211) Katowice 2015}) 18... Be6 19. Rfc1 f5 20. Nb3 e4 21. Rd1 Qe8 22. cxd5 cxd5 23. dxe4 dxe4 (23... Rc8 $5 24. Qd2 dxe4 $15) 24. Nd4 Rc8 25. Qa4 Bc4 {[%emt 0:00:21] [#]} (25... Bf7 $11) 26. e3 ({White should try} 26. Nc6 $1 $14) 26... Bd3 $11 {[%emt 0:00:09] A strong pair of Bishops.} 27. Rbc1 Rd8 28. Bf1 Bxd4 29. Bxd3 {[%emt 0:00:14] aiming for Bc4+.} exd3 (29... Be5 {simplifies} 30. Be2 h5 31. Rxd8 Qxd8 32. Rd1 Qc8) 30. exd4 d2 31. Qa2+ (31. Rxd2 $2 Re1+ 32. Rxe1 Qxe1+ 33. Kg2 Qxd2 $19) 31... Kh7 32. Rxd2 f4 33. gxf4 (33. Qb3 $14) 33... Re1+ 34. Rxe1 Qxe1+ {[%emt 0:00:01][%mdl 4096] Endgame KQR-KQR} 35. Kg2 {[%emt 0:00:01] Strongly threatening Re2.} Qe4+ 36. Kg3 {[%emt 0:00:04] Threatens to win with Qf7+.} Rf8 {[%emt 0:00:01] Against Qf7+} (36... Rxd4 37. Qf7+ Kh8 38. Qf6+ Kg8 39. Rxd4 Qe8 40. Rd8) 37. h3 h5 38. Re2 h4+ (38... Qxd4 39. Qd2 Qf6 40. Re5 $16) 39. Kh2 $1 Qxf4+ ({But not} 39... Qxd4 40. Qd2 Qxf4+ 41. Qxf4 Rxf4 42. Re7+ Kg8 43. Kg2 $16 (43. Rxb7 Rxf2+ 44. Kg1 Rb2 $11)) 40. Kg1 Qg5+ 41. Kh2 Qf4+ 42. Kg1 Qg5+ 43. Kh2 Qf4+ 44. Kg1 Qxd4 45. Qe6 (45. Qd2 {simplifies} Qxd2 46. Rxd2 Rf7 47. Rd4) 45... Kh6 46. Qe7 Rf5 47. Qe8 $2 {[%emt 0:00:03][%mdl 8192] [#]} (47. Qe4 $11 Qf6 48. b6) 47... Rg5+ 48. Kf1 Qd1+ 49. Re1 Qd3+ 50. Re2 Qxh3+ ({Resist} 50... Rxb5 51. Qh8+ Kg5 52. f4+ Kxf4 53. Qf6+ Qf5 54. Qxh4+ Kf3 55. Qf2#) 51. Ke1 Qc3+ (51... Qh1+ $142 52. Kd2 Rd5+ 53. Ke3 Qc1+ 54. Ke4 Rf5 55. Qe6 h3 56. Kd3 h2 57. Re1 Qa3+ 58. Ke2 Qf3+ 59. Kd2 Qxf2+ 60. Kd3 Rf3+ 61. Kc4 Qc2+ 62. Kd5 Rd3+ 63. Ke4 Qc3 64. Qd5 Re3+ 65. Kf4 Rxe1 66. Qg5+ Kg7 67. Qg2 Qe3+ 68. Kg4 Rg1 69. Kh4 Rxg2 70. b6 h1=Q#) 52. Kf1 $19 Rf5 {[%emt 0:00:09] Hoping for ...Qh3+.} 53. Re3 {[%emt 0:00:04] Inhibits Qh3+.} (53. Qe4 {was worth a try.} Qh3+ 54. Ke1) 53... Qc2 $2 (53... Qb2 $19 54. Re2 Qc1+ 55. Re1 Qc4+ 56. Re2 Rxb5 57. Qf8+ Kh5 58. Qf3+ Qg4) 54. Qh8+ $17 Kg5 55. Qd8+ Kh5 56. Qh8+ Kg4 57. Qd4+ Kh5 (57... Rf4 $17 58. Qd7+ Qf5 59. Qd1+ Kg5) 58. Qh8+ $1 $11 Kg5 59. Qd8+ {[%emt 0:00:01] Weighted Error Value: White=0.25 (precise) /Black=0.40} 1/2-1/2

[Event "4th Tata Steel India Blitz Open 2022"]
[Site "Kolkota"]
[Date "2022.12.04"]
[Round "12.1"]
[White "Nihal Sarin"]
[Black "Vidit, Santosh Gujrathi"]
[Result "1-0"]
[ECO "A17"]
[WhiteElo "2670"]
[BlackElo "2724"]
[Annotator "TA"]
[PlyCount "71"]
[EventDate "2022.11.29"]
[EventType "tourn"]
[EventCountry "IND"]
[SourceTitle "playchess.com"]
[Source "ChessBase"]
[SourceQuality "1"]
[TimeControl "180+2"]

1. Nf3 d5 2. e3 Nf6 3. c4 e6 4. Nc3 Bd6 5. b3 O-O 6. Bb2 {[%emt 0:00:01] A17: English Opening: 1...Nf6 with ...Bb4.} Re8 {[%emt 0:00:02] is cutting edge theory.} 7. d4 b6 8. Rc1 {[%emt 0:00:02] The position is equal.} a6 9. cxd5 exd5 {[%emt 0:00:01] [#]} 10. g3 $146 ({Predecessor:} 10. Bd3 Nbd7 11. O-O Bb7 12. Re1 Ne4 13. Ne2 Qf6 14. Ng3 Qe6 15. Qc2 f5 16. Ne5 {0-1 (43) Grandelius,N (2657)-Sarana,A (2668) Chess.com INT 2022}) 10... Bg4 11. Bg2 Nbd7 12. O-O c6 13. Ne2 (13. h3 $5 Bf5 14. g4 $14) 13... Rc8 14. h3 Bf5 15. Nf4 (15. g4 $5 Bg6 16. Nf4 $11) 15... h6 16. Nd3 Be4 17. Qe2 c5 18. dxc5 (18. Nfe5 {simplifies} Nxe5 19. dxe5 Bxd3 20. Qxd3 Bxe5 21. Bxe5 Rxe5 22. Qxa6 Ra8 23. Qe2) 18... bxc5 19. Rfd1 Qb6 20. Nd2 Bxg2 21. Kxg2 Qb7 (21... a5 {simplifies} 22. Bxf6 Nxf6 23. Qf3 a4) 22. Qf3 Ne4 {[%emt 0:00:02] [#] Threatens to win with ...Ng5.} 23. Kg1 (23. Nf4 {simplifies} Bxf4 24. gxf4 Nef6 25. Kh2) 23... a5 24. Nxe4 (24. Nf4 {keeps more tension.} Bxf4 25. gxf4 a4 26. Nxe4 Rxe4 27. Qg3) 24... Rxe4 25. Nf4 Bxf4 26. gxf4 $40 {[%emt 0:00:01][%mdl 128] White has some attack.} f6 (26... a4 $11) 27. Qg4 $16 Rce8 28. Qf5 Nb6 {[%emt 0:00:10] Loses the game.} (28... d4 $16) 29. Rxc5 $18 Kh8 $2 (29... a4 {keeps fighting.} 30. Bd4 axb3 31. axb3 R4e7) 30. Bd4 ({Much less strong is} 30. Rxa5 Nc4 $18) 30... Qa6 $2 (30... Nc8 31. Qh5 R4e6 32. Rxa5 Rd8) 31. Rdc1 Rg8 32. Rc6 {[%emt 0:00:04] [#] Against a4. Bxf6 is the strong threat.} Rxd4 33. exd4 Qb5 34. Qe6 Na8 35. Rc8 Qd3 36. Qxg8# {[%emt 0:00:02] Weighted Error Value: White=0.07 (flawless) /Black=0.60} 1-0